 Dungeon Crawl Stone Soup version 0.17.0-26-gececa24 (webtiles) character file.

144 septik the Cudgeler (level 5, -4/32 HPs)
             Began as a Gargoyle Fighter on Nov 20, 2015.
             Killed from afar by Ijyb (7 damage)
             ... with a wand of draining
             ... on level 3 of the Dungeon.
             The game lasted 00:04:42 (2387 turns).

septik the Cudgeler (Gargoyle Fighter)              Turns: 2387, Time: 00:04:42

Health: -4/32      AC: 11    Str: 21    XL:     5   Next: 26%
Magic:  5/5        EV:  7    Int:  8    God:
Gold:   142        SH:  8    Dex:  9    Spells: 0 memorised, 4 levels left

rFire  . . .     SeeInvis .     a - +0 flail
rCold  . . .     Clarity  .     b - +0 scale mail
rNeg   + . .     SustAt   .     c - +0 shield
rPois  ∞         Gourm    .     k - +0 helmet
rElec  +         Spirit   .     (no cloak)
rCorr  .         Warding  .     (no gloves)
rMut   .         Stasis   .     (no boots)
MR     .....                    (no amulet)
Stlth  ..........               (no ring)
                                (no ring)

@: heavily drained, not resistant to hostile enchantments, extremely unstealthy
A: negative energy resistance 1, electricity resistance, unbreathing,
petrification resistance, rot immunity, AC +4
a: no special abilities


You were on level 3 of the Dungeon.
You were not hungry.

You visited 1 branch of the dungeon, and saw 3 of its levels.

You collected 142 gold pieces.

Inventory:

Hand Weapons
 a - a +0 flail (weapon)
Armour
 b - a +0 scale mail (worn)
 c - a +0 shield (worn)
 k - a +0 helmet (worn)
Scrolls
 o - a scroll of teleportation
Potions
 d - a potion of might
 f - a potion of poison {unknown}
 g - a potion of brilliance
 i - 2 potions of haste
 l - a potion of invisibility {unknown}
 m - 2 potions of magic {unknown}
Comestibles
 e - 3 bread rations
 h - a meat ration
 j - 3 chunks of flesh
 n - a slice of pizza


   Skills:
 - Level 3.2(1.8) Fighting
 + Level 5.3(3.7) Maces & Flails
 - Level 3.2(1.8) Armour
 - Level 3.2(1.8) Shields


You had 4 spell levels left.
You didn't know any spells.

Dungeon Overview and Level Annotations

Branches:
Dungeon (3/15)

Altars:

Annotations:
D:3 Ijyb, Sigmund


Innate Abilities, Weirdness & Mutations

You are resistant to torment.
Your stone body is resilient (AC +4).
You are immune to poison.
You resist negative energy.
You are resistant to electric shocks.
You can survive without breathing.
You are immune to petrification.
You are immune to rotting.


Message History

Unknown command.
You are too injured to fight recklessly!
Unknown command.
You are too injured to fight recklessly!
Unknown command.
Ijyb hits you but does no damage.
Your shield and scale mail prevent you from hitting Ijyb.
Ijyb hits you but does no damage.
Ijyb zaps a wand.
The bolt of negative energy hits you! You partially resist.
You feel drained.
You hit Ijyb but do no damage.
Ijyb zaps a wand.
The bolt of negative energy hits you! You partially resist.
You feel drained.
* * * LOW HITPOINT WARNING * * *
Ijyb zaps a wand.
The bolt of negative energy hits you! You partially resist.
You feel drained.
You die...

....# ........##### ....# ..
............. ....## ...
###+####..... .....#......#
#..... .....#...... #+++#
#.o... ............ #...#
#..... .......(..# #...#
#..... ..........######g..#
#..... ..............##@..#
#..... ..............##...#
###### ..............##...#
# ..............##...# #
.(...#.#########...#########
#
######.)..........(........+
# # #.'.......).#.........+
# #.'...................+
###########...#########


You could see Ijyb.

Vanquished Creatures
  6 adders
  An ooze (D:1)
  3 worms (D:2)
  2 giant geckos
  2 orcs (D:3)
  7 goblins
  5 hobgoblins
  8 jackals
  8 kobolds
  12 bats
  3 giant cockroaches
  7 giant newts
  3 quokkas
  10 rats
77 creatures vanquished.

Notes
Turn   | Place    | Note
--------------------------------------------------------------
     0 | D:1      | septik the Gargoyle Fighter began the quest for the Orb.
     0 | D:1      | Reached XP level 1. HP: 14/14 MP: 1/1
   170 | D:1      | Reached XP level 2. HP: 13/19 MP: 2/2
   692 | D:1      | Reached XP level 3. HP: 23/23 MP: 3/3
  1020 | D:2      | Reached skill level 4 in Maces & Flails
  1041 | D:2      | HP: 1/23 [hobgoblin (3)]
  1112 | D:2      | Reached XP level 4. HP: 7/28 MP: 4/4
  1778 | D:3      | Noticed Sigmund
  2016 | D:3      | Reached skill level 5 in Maces & Flails
  2117 | D:2      | Reached XP level 5. HP: 11/32 MP: 5/5
  2379 | D:3      | Noticed Ijyb
  2387 | D:3      | Killed from afar by Ijyb

Action                   |  1- 3 |  4- 6 || total
-------------------------+-------+-------++-------
Melee: Flail             |   137 |   150 ||   287
  Use: Scroll            |       |     5 ||     5
  Eat: Chunk             |     1 |     4 ||     5
